 Dungeon Crawl Stone Soup version 0.29.0-4-gdea44cf6ec (webtiles) character file.

Game seed: 7512384922561836079

421 qw the Chopper (level 6, -3/37 HPs)
             Began as a Tengu Warper on Aug 28, 2022.
             Slain by an ogre
             ... wielding a +0 giant club
              (9 damage)
             ... on level 5 of the Dungeon.
             The game lasted 00:00:24 (4052 turns).

qw the Chopper (Tengu Warper)                       Turns: 4052, Time: 00:00:24

Health: -3/37      AC:  9    Str: 13    XL:     6   Next: 94%
Magic:  10/10      EV:  7    Int: 14    God:
Gold:   2          SH:  0    Dex: 19    Spells: 9/9 levels left

rFire   . . .      SeeInvis .   Y - +0 hand axe (venom)
rCold   . . .      Faith    .   (no shield)
rNeg    . . .      Spirit   .   e - +0 chain mail
rPois   .          Reflect  .   (helmet restricted)
rElec   .          Harm     .   (no cloak)
rCorr   .          Rampage  .   a - +0 pair of gloves
Will    .....                   (boots unavailable)
Stlth   ..........              (no amulet)
HPRegen 0.12/turn               b - +6 ring of dexterity
MPRegen 0.12/turn               (no ring)

@: flying quickly and evasively, quick
A: beak, talons 3, nimble flight
a: no special abilities


You were on level 5 of the Dungeon.
You visited 1 branch of the dungeon, and saw 5 of its levels.

You collected 173 gold pieces.
You spent 171 gold pieces at shops.


Innate Abilities, Weirdness & Mutations

You have a beak for a mouth.
You have claws for feet.
Your magical nature lets you fly swiftly and evasively.


   Skills:
 - Level 3.0 Fighting
 + Level 7.2 Axes
 - Level 1.0 Throwing
 - Level 2.1 Armour
 - Level 2.1 Dodging
 - Level 2.0 Spellcasting
 - Level 2.4 Translocations


You had 9 spell levels left.
You didn't know any spells.
Your spell library contained the following spells:

 Spells                   Type           Power      Damage    Failure   Level
 Blink                    Tloc           16%        N/A       99%         2
 Gell's Gravitas          Tloc           8%         N/A       100%        3
 Lesser Beckoning         Tloc           8%         N/A       100%        3
 Teleport Other           Tloc           8%         N/A       100%        3
 Manifold Assault         Tloc           8%         N/A       100%        5

Inventory:

Hand Weapons
 c - a +0 flail
 Y - a +0 hand axe of venom (weapon)
Armour
 a - a +0 pair of gloves (worn)
 e - a +0 chain mail (worn)
Jewellery
 b - a +6 ring of dexterity (left hand)
Scrolls
 j - a scroll of identify
Potions
 f - 2 potions of cancellation
 h - 3 potions of curing
 i - a potion of flight {unknown}

Dungeon Overview and Level Annotations

Branches:
Dungeon (5/15)
 Temple: D:4-7

Altars:
Fedhas
Hepliaklqana

Shops:
D:4 ?*=**


Message History

You feel less attractive to monsters.
There is a stone staircase leading down here.
Enter note:
(D) Dungeon
Where to? (* - list waypoints, Enter - D:3 @ (x,y), ? - help)
You fly downwards.
There is a stone staircase leading up here.
Enter note: Done exploring.
Done exploring.
3971 ||| READING scroll of teleportation.
As you read the scroll of teleportation, it crumbles to dust.
You feel strangely unstable.
3972 ||| STAIRDANCE You fly upwards.
There is a stone staircase leading down here.
You start waiting.
Your surroundings suddenly seem different.
Done exploring.
(D) Dungeon
Where to? (* - list waypoints, Enter - D:4, ? - help)
What level of the Dungeon? (default 1, ? - help)
There is a stone staircase leading down here.
You fly downwards.
There is a stone staircase leading up here.
There is a stone staircase leading down here.
You fly downwards.
There is a stone staircase leading up here.
Existing waypoints: (1) D:4 (2) D:3 Assign waypoint to what number? (0-9, D - delete waypoint) Waypoint 1 re-assigned from D:4 to D:5.
An ogre comes into view. It is wielding a +0 giant club.
You barely miss the ogre. Your kick misses the ogre.
The ogre hits you with a +0 giant club!!
Ouch! That really hurt!
You slash the ogre!
The ogre is poisoned.
The ogre is moderately wounded.
The ogre hits you with a +0 giant club!
You die...

#.# #.#
#.# #.#
#.# #.#
#.# #.#
#@#
#....O..#
#.#######


You could see an ogre (very poisoned).

Vanquished Creatures
  An ice beast (D:4)
  A scorpion (D:4)
  A hound (D:4)
  Natasha (twice) (D:2)
  An iguana (D:4)
  3 gnolls (D:3)
  4 adders
  A worm (D:3)
  2 dart slugs
  7 orcs
  7 ball pythons
  6 bats
  4 endoplasms
  4 giant cockroaches
  8 goblins
  5 hobgoblins
  9 jackals
  4 quokkas
  5 frilled lizards
  5 kobolds
  3 rats
83 creatures vanquished.

Notes
Turn   | Place    | Note
-------+----------+-------------------------------------------
     0 | D:1      | qw the Tengu Warper began the quest for the Orb.
     0 | D:1      | Reached XP level 1. HP: 12/12 MP: 4/4
     0 | D:1      | 0 ||| qw: Version: 0.1-a-89-g26bdef1
     0 | D:1      | 0 ||| qw: Game counter: 1566
     0 | D:1      | 0 ||| qw: Always use a shield: true
     0 | D:1      | 0 ||| qw: God list: Okawaru
     0 | D:1      | 0 ||| qw: Allow faded altars: false
     0 | D:1      | 0 ||| qw: Do Orc after D:15 true
     0 | D:1      | 0 ||| qw: Do second Lair branch before Depths: true
     0 | D:1      | 0 ||| qw: Lair rune preference: random
     0 | D:1      | 0 ||| qw: Plans: Normal
     0 | D:1      | 0 ||| PLANNING D:1-11
   113 | D:1      | Found a faded altar of an unknown god.
   123 | D:1      | 123 ||| Stepping ~*~*~tactically~*~*~ (stealth).
   128 | D:1      | 128 ||| Stepping ~*~*~tactically~*~*~ (stealth).
   131 | D:1      | 131 ||| Stepping ~*~*~tactically~*~*~ (stealth).
   227 | D:1      | Reached skill level 3 in Axes
   227 | D:1      | Reached XP level 2. HP: 7/17 MP: 6/6
   423 | D:1      | 423 ||| DROPPING +0 whip.
   540 | D:1      | 540 ||| Stepping ~*~*~tactically~*~*~ (stealth).
   810 | D:1      | 810 ||| UPGRADING to +0 chain mail.
   820 | D:1      | 820 ||| DROPPING +0 leather armour.
   821 | D:1      | 821 ||| READING scroll labelled URUTHI XIPIKH.
   822 | D:1      | 822 ||| READING scroll labelled NEAGED CATSIWU.
   823 | D:1      | 823 ||| DROPPING scroll of blinking.
   886 | D:2      | Reached XP level 3. HP: 20/21 MP: 7/7
   947 | D:2      | 947 ||| Stepping ~*~*~tactically~*~*~ (stealth).
   954 | D:2      | Reached skill level 4 in Axes
  1106 | D:2      | Found a hazy altar of Hepliaklqana.
  1146 | D:2      | 1146 ||| DROPPING +1 mace of holy wrath.
  1216 | D:2      | Reached XP level 4. HP: 23/26 MP: 8/8
  1282 | D:2      | 1282 ||| Stepping ~*~*~tactically~*~*~ (stealth).
  1286 | D:2      | 1286 ||| Stepping ~*~*~tactically~*~*~ (stealth).
  1373 | D:2      | Reached skill level 5 in Axes
  1656 | D:2      | Noticed Natasha
  1657 | D:2      | 1657 ||| Stepping ~*~*~tactically~*~*~ (hiding).
  1665 | D:2      | Killed Natasha
  1838 | D:2      | 1838 ||| UPGRADING to +6 ring of dexterity.
  1839 | D:2      | 1839 ||| DROPPING ring of magical power.
  1840 | D:2      | 1840 ||| READING scroll labelled XEMAODWUTOLL.
  1841 | D:2      | 1841 ||| READING 2 scrolls labelled HUNIANN QERHIL.
  1842 | D:2      | 1842 ||| READING scroll labelled HICHOILIMO.
  1843 | D:2      | 1843 ||| DRINKING 3 bubbling grey potions.
  1844 | D:2      | 1844 ||| DROPPING scroll of amnesia.
  1859 | D:2      | Noticed Natasha
  1864 | D:2      | Killed Natasha
  1865 | D:2      | Gained mutation: Your magical nature lets you fly swiftly
                  | and evasively. [Tengu growth]
  1865 | D:2      | Reached XP level 5. HP: 30/30 MP: 9/9
  1902 | D:3      | 1902 ||| Stepping ~*~*~tactically~*~*~ (stealth).
  1953 | D:3      | Found a blossoming altar of Fedhas.
  2236 | D:3      | Reached skill level 6 in Axes
  2261 | D:3      | 2261 ||| Stepping ~*~*~tactically~*~*~ (hiding).
  2297 | D:3      | 2297 ||| Stepping ~*~*~tactically~*~*~ (stealth).
  2467 | D:3      | 2467 ||| Stepping ~*~*~tactically~*~*~ (stealth).
  2570 | D:3      | 2570 ||| DROPPING +3 whip.
  2577 | D:3      | 2577 ||| Stepping ~*~*~tactically~*~*~ (stealth).
  2719 | D:3      | 2719 ||| UPGRADING to +0 pair of gloves.
  2767 | D:4      | Noticed an ice beast
  2776 | D:4      | HP: 2/30 [ice beast (11)]
  2777 | D:4      | 2777 ||| DRINKING 2 potions of heal wounds.
  2780 | D:4      | 2780 ||| DRINKING potion of heal wounds.
  2780 | D:4      | Killed an ice beast
  2781 | D:4      | Reached XP level 6. HP: 35/35 MP: 10/10
  2808 | D:4      | Reached skill level 7 in Axes
  2861 | D:4      | Found Fymer's General Store.
  2976 | D:4      | 2976 ||| Stepping ~*~*~tactically~*~*~ (hiding).
  3157 | D:4      | Found Aruwob's General Store.
  3163 | D:4      | 3163 ||| BUYING potion of cancellation (112 gold).
  3163 | D:4      | Bought a potion of cancellation for 112 gold pieces
  3226 | D:4      | 3226 ||| Stepping ~*~*~tactically~*~*~ (stealth).
  3227 | D:4      | 3227 ||| Stepping ~*~*~tactically~*~*~ (stealth).
  3229 | D:4      | Found Janotri's Magic Scroll Emporium.
  3240 | D:4      | 3240 ||| BUYING scroll of identify (20 gold).
  3240 | D:4      | Bought a scroll of identify for 20 gold pieces
  3240 | D:4      | 3240 ||| SHOPLISTING scroll of identify (20 gold, have 5).
  3240 | D:4      | 3240 ||| SHOPLISTING scroll of teleportation (30 gold, have
                  | 5).
  3257 | D:4      | 3257 ||| Stepping ~*~*~tactically~*~*~ (stealth).
  3261 | D:4      | 3261 ||| Stepping ~*~*~tactically~*~*~ (stealth).
  3266 | D:4      | 3266 ||| Stepping ~*~*~tactically~*~*~ (stealth).
  3267 | D:4      | 3267 ||| Stepping ~*~*~tactically~*~*~ (stealth).
  3278 | D:4      | Reached skill level 3 in Fighting
  3284 | D:4      | HP: 9/37 [poisoned by a scorpion]
  3559 | D:4      | Found Icwonos's Jewellery Shoppe.
  3685 | D:4      | 3685 ||| DROPPING +0 mace of protection.
  3691 | D:4      | Identified the +1 leather armour "Xaxti" {Harm rC+ Str-3}
  3718 | D:4      | Found Izoam's General Store.
  3726 | D:4      | 3726 ||| BUYING potion of curing (39 gold).
  3726 | D:4      | Bought a potion of curing for 39 gold pieces
  3726 | D:4      | 3726 ||| SHOPLISTING potion of heal wounds (65 gold, have
                  | 2).
  3726 | D:4      | 3726 ||| SHOPLISTING scroll of identify (26 gold, have 2).
  3785 | D:4      | 3785 ||| Stepping ~*~*~tactically~*~*~ (stealth).
  3793 | D:4      | 3793 ||| Stepping ~*~*~tactically~*~*~ (stealth).
  3925 | D:4      | 3925 ||| READING 2 scrolls labelled JOT GAOHELAY.
  3929 | D:4      | 3929 ||| DRINKING 2 silvery potions.
  3930 | D:4      | 3930 ||| DROPPING potion of attraction.
  3971 | D:4      | 3971 ||| READING scroll of teleportation.
  3972 | D:4      | 3972 ||| STAIRDANCE
  4027 | D:5      | Entered Level 5 of the Dungeon
  4051 | D:5      | HP: 6/37 [ogre/+0 giant club (31)]
  4052 | D:5      | Slain by an ogre

Levels and vault maps discovered:
D:1:      minmay_arrival_widening_spiral_wide, layout_rooms,
          ebering_ecumenical_altar_box, grunt_decor_clamped,
          minmay_misc_feat_columns
D:2:      minmay_recursive_quarters, layout_loops_ring, basic_altar,
          corexii_shack, uniq_natasha
D:3:      layout_loops_ring, mainiacjoe_overflow_alcove_2
D:4:      layout_loops_ring, serial_shops, nicolae_shop_trees, shop_fountains,
          nicolae_take_the_stairs, shop_statue, nicolae_shop_advertising_works
          [nicolae_subvault_shop_adworks]
D:5:      layout_basic, gammafunk_temple_overflow_wave, minmay_misc_feat_tiny

Skill      XL: |  1  2  3  4  5  6 |
---------------+-------------------+-----
Axes           | 3 4 5 6 7 |  7.2
Armour         | 2 |  2.1
Fighting       | 3 |  3.0
Throwing       | |  1.0
Dodging        | |  2.1
Spellcasting   | |  2.0
Translocations | |  2.4

Action                   |  1- 3 |  4- 6 || total
-------------------------+-------+-------++-------
Melee: Hand axe          |    65 |   123 ||   188
       Kick              |    17 |    41 ||    58
       Peck              |     6 |    12 ||    18
Throw: Boomerang         |     7 |       ||     7
  Use: Scroll            |     2 |     5 ||     7
       Potion            |       |     4 ||     4
Armor: Leather armour    |    11 |       ||    11
       Chain mail        |    23 |    56 ||    79
Dodge: Dodged            |    21 |    28 ||    49

Table legend:
 A = Non-vault XP
 B = Vault XP
 C = Vault XP percentage of total XP
 D = Non-vault monster count
 E = Vault monster count
 F = Vault count percentage of total count
                 A         B        C        D         E       F
            +---------+---------+-------+---------+---------+-------
      Total |     527 |      75 |  12.5 |      73 |      10 |  12.0
            +---------+---------+-------+---------+---------+-------
        D:1 |      22 |       0 |   0.0 |      14 |       0 |   0.0
        D:2 |      93 |      75 |  44.6 |      26 |      10 |  27.8
        D:3 |      84 |       0 |   0.0 |      16 |       0 |   0.0
        D:4 |     328 |       0 |   0.0 |      17 |       0 |   0.0
            +---------+---------+-------+---------+---------+-------
